 Dungeon Crawl Stone Soup version 0.24-a0-493-g7e4ddcd485 (webtiles) character file.

Game seed: 5724489370282277247

448 KristoblXynda the Slasher (level 6, 0/48 HPs)
             Began as a Draconian Skald on July 12, 2019.
             Succumbed to Crazy Yiuf's poison
             ... on level 4 of the Dungeon.
             The game lasted 00:06:43 (4430 turns).

KristoblXynda the Slasher (Draconian Skald)         Turns: 4430, Time: 00:06:43

Health: 0/48       AC:  8    Str: 14    XL:     6   Next: 73%
Magic:  4/9        EV: 13    Int: 15    God:
Gold:   100        SH:  0    Dex: 10    Spells: 4/9 levels left

rFire    . . .     SeeInvis .   r - +0 long sword
rCold    . . .     Gourm    .   (no shield)
rNeg     . . .     Faith    .   (armour unavailable)
rPois    .         Spirit   .   (helmet restricted)
rElec    .         Reflect  .   k - +0 cloak
rCorr    .         Harm     .   d - +0 pair of gloves
MR       .....                  (no boots)
Stlth    +.........             (no amulet)
HPRegen  0.16/turn              e - ring of flight
MPRegen  0.11/turn              (no ring)

@: lethally poisoned (0 -> -11), very slightly contaminated
A: unfitting armour, cold-blooded, AC +6
a: Evoke Flight


You were on level 4 of the Dungeon.
You were hungry.

You visited 1 branch of the dungeon, and saw 4 of its levels.

You collected 100 gold pieces.

Inventory:

Hand Weapons
 r - a +0 long sword (weapon)
Armour
 d - a +0 pair of gloves (worn)
 k - a +0 cloak (worn)
Jewellery
 e - a ring of flight (left hand)
 n - an uncursed ring of ice
 p - an uncursed amulet of faith
Wands
 m - a wand of paralysis (7)
 o - a wand of disintegration (4)
Scrolls
 a - a scroll of identify {unknown}
 i - 2 scrolls of remove curse
Potions
 b - a potion of flight {unknown}
 f - a potion of cancellation {unknown}
 g - a potion of agility {unknown}
Comestibles
 c - 7 rations


   Skills:
 - Level 2.1 Fighting
 * Level 5.3 Long Blades
 + Level 3.8 Dodging
 - Level 2.0 Spellcasting
 + Level 4.1 Charms


You had 4 spell levels left.
You knew the following spells:

 Your Spells              Type           Power        Failure   Level  Hunger
b - Regeneration          Chrm/Necr      #.........   28%         3    ###....
c - Song of Slaying       Chrm           ##......     6%          2    ###....

Your spell library contained the following spells:

 Spells                   Type           Power        Failure   Level  Hunger
 Infusion                 Chrm           ##..         4%          1    #......
 Shroud of Golubria       Chrm/Tloc      #.....       14%         2    ###....
 Spectral Weapon          Hex/Chrm       #.......     28%         3    ###....


Dungeon Overview and Level Annotations

Branches:
Dungeon (4/15)
 Temple: D:4-7

Altars:

Annotations:
D:4 Crazy Yiuf


Innate Abilities, Weirdness & Mutations

Your plain brown scales are hard. (AC +6)
You cannot fit into any form of body armour.
You are cold-blooded and may be slowed by cold attacks.


Message History

Crazy Yiuf says, "Line!"
You feel sick.
You feel sick.
Crazy Yiuf yells, "Nubble illywillydillykilly Xom!"
There is a stone staircase leading up here.
You hit Crazy Yiuf.
Crazy Yiuf is almost dead.
Crazy Yiuf misses you.
You riposte.
You closely miss Crazy Yiuf.
You tail-slap Crazy Yiuf, but do no damage.
Crazy Yiuf is almost dead.
Your skin stops crawling.
You feel sick.
You hit Crazy Yiuf but do no damage.
Your tail-slap misses Crazy Yiuf.
Crazy Yiuf is almost dead.
Crazy Yiuf hits you with a +3 quarterstaff of chaos!
* * * LOW HITPOINT WARNING * * *
You are more poisoned.
* * * LOW HITPOINT WARNING * * *
You feel sick.
You die...

.....# ....#
....#######
......)..#
#........#
#........#
#.#######........#
#...@.g<.........#
#.#######........#
#........#
##........#
#....####.. ##..##
. ♣..PP♣ ♣).P♣♣
♣♣)♣♣


You could see Crazy Yiuf.

Vanquished Creatures
  A hippogriff (D:3)
  3 orc priests (D:3)
  2 orc wizards (D:3)
  Robin (D:2)
  3 adders
  A worm (D:2)
  A dart slug (D:1)
  A leopard gecko (D:3)
  12 orcs
  6 bats
  3 giant cockroaches
  22 goblins
  6 hobgoblins
  6 jackals
  3 quokkas
  A ball python (D:2)
  5 frilled lizards
  7 kobolds
  3 rats
87 creatures vanquished.

Notes
Turn   | Place    | Note
-------+----------+-------------------------------------------
     0 | D:1      | KristoblXynda the Draconian Skald began the quest for the
                  | Orb.
     0 | D:1      | Reached XP level 1. HP: 17/17 MP: 3/3
   432 | D:1      | Reached XP level 2. HP: 19/24 MP: 5/5
  1154 | D:2      | Reached XP level 3. HP: 21/29 MP: 6/6
  1241 | D:2      | Learned a level 3 spell: Regeneration
  1244 | D:2      | Learned a level 2 spell: Song of Slaying
  1255 | D:2      | Noticed Robin
  1289 | D:2      | Reached skill level 3 in Long Blades
  1320 | D:2      | Killed Robin
  1673 | D:2      | Reached XP level 4. HP: 28/36 MP: 7/7
  2029 | D:3      | Noticed a hippogriff
  2670 | D:3      | Reached skill level 4 in Long Blades
  2670 | D:3      | Reached XP level 5. HP: 14/41 MP: 8/8
  3132 | D:3      | Killed a hippogriff
  3132 | D:3      | Reached XP level 6. HP: 14/48 MP: 9/9
  3484 | D:3      | Reached skill level 5 in Long Blades
  4397 | D:4      | Found a runed translucent door.
  4398 | D:4      | Noticed Crazy Yiuf
  4429 | D:4      | HP: 2/48 [poisoned by Crazy Yiuf]
  4430 | D:4      | Succumbed to Crazy Yiuf's poison

Levels and vault maps discovered:
D:1:      mrwooster_arrival_statue, layout_loops_corners
D:2:      layout_rooms, minmay_puff, uniq_robin
D:3:      layout_basic, st_stairs_9
D:4:      layout_basic, gammafunk_ghost_grave, minmay_strange_pillars,
          uniq_crazy_yiuf_cottage

Skill      XL: |  1  2  3  4  5  6 |
---------------+-------------------+-----
Charms         | 3 4 |  4.1
Long Blades    | 3 4 5 |  5.3
Dodging        | 3 |  3.8
Fighting       | |  2.1
Spellcasting   | |  2.0

Action                   |  1- 3 |  4- 6 || total
-------------------------+-------+-------++-------
Melee: Falchion          |   145 |   134 ||   279
       Tailslap          |    15 |    21 ||    36
       Long sword        |       |    35 ||    35
 Cast: Regeneration      |     1 |     1 ||     2
       Song of Slaying   |       |     2 ||     2
Evoke: Wand              |       |     6 ||     6
  Use: Scroll            |     1 |     2 ||     3
       Potion            |       |     2 ||     2
 Stab: Sleeping          |     1 |       ||     1
  Eat: Chunk             |     2 |     6 ||     8
       Ration            |       |     1 ||     1
Armor: Skin              |    54 |    64 ||   118
Dodge: Dodged            |   114 |   114 ||   228
       Rpst.: Falchion   |    41 |    28 ||    69
       Long sword        |       |     9 ||     9

Table legend:
 A = Non-vault XP
 B = Vault XP
 C = Vault XP percentage of total XP
 D = Non-vault monster count
 E = Vault monster count
 F = Vault count percentage of total count
                 A         B        C        D         E       F
            +---------+---------+-------+---------+---------+-------
      Total |     596 |      44 |   6.9 |      72 |      15 |  17.2
            +---------+---------+-------+---------+---------+-------
        D:1 |      19 |       0 |   0.0 |      10 |       0 |   0.0
        D:2 |      74 |      37 |  33.3 |      28 |      12 |  30.0
        D:3 |     503 |       7 |   1.4 |      34 |       3 |   8.1
            +---------+---------+-------+---------+---------+-------
